 Dungeon Crawl Stone Soup version 0.20.1-1-g8b1a95d (webtiles) character file.

130 Raiden350 the Magician (level 4, -2/24 HPs)
             Began as a Deep Elf Fire Elementalist on July 25, 2017.
             Killed from afar by an orc wizard (8 damage)
             ... with a magic dart
             ... on level 3 of the Dungeon.
             The game lasted 00:12:46 (2084 turns).

Raiden350 the Magician (Deep Elf Fire Elementalist) Turns: 2084, Time: 00:12:46

Health: -2/24      AC:  2    Str:  5    XL:     4   Next: 89%
Magic:  1/12       EV: 14    Int: 21    God:
Gold:   49         SH:  0    Dex: 15    Spells: 1/11 levels left

rFire    . . .     SeeInvis .   h - +2 dagger (venom)
rCold    . . .     Gourm    .   (no shield)
rNeg     . . .     Faith    .   a - +0 robe
rPois    .         Spirit   .   (no helmet)
rElec    .         Reflect  .   (no cloak)
rCorr    +         Harm     .   (no gloves)
MR       .....                  (no boots)
Stlth    +.........             (no amulet)
Regen    0.1/turn               e - ring of resist corrosion
MPRegen  0.2/turn               (no ring)

@: confused
A: no striking features
a: no special abilities


You were on level 3 of the Dungeon.
You were not hungry.

You visited 1 branch of the dungeon, and saw 3 of its levels.

You collected 49 gold pieces.

Inventory:

Hand Weapons
 h - a +2 dagger of venom (weapon)
Armour
 a - a +0 robe (worn)
Jewellery
 e - a ring of resist corrosion (left hand)
Scrolls
 f - a scroll of identify
 i - a scroll of amnesia {unknown}
 j - a scroll of enchant armour {unknown}
Books
 b - a book of Flames

   Spells                             Type                      Level
   a - Flame Tongue                   Conjuration/Fire             1
   b - Throw Flame                    Conjuration/Fire             2
   c - Conjure Flame                  Conjuration/Fire             3
   d - Inner Flame                    Hexes/Fire                   3
   e - Sticky Flame                   Conjuration/Fire             4
   f - Fireball                       Conjuration/Fire             5
Comestibles
 c - a bread ration
 d - a meat ration
 g - a chunk of flesh


   Skills:
 - Level 4.0 Dodging
 - Level 2.4 Stealth
 - Level 4.2 Spellcasting
 - Level 3.4 Conjurations
 + Level 0.3 Hexes
 - Level 3.2 Fire Magic


You had one spell level left.
You knew the following spells:

 Your Spells              Type           Power        Failure   Level  Hunger
a - Flame Tongue          Conj/Fire      ###..        3%          1    None
b - Throw Flame           Conj/Fire      ###...       4%          2    #......
c - Inner Flame           Hex/Fire       ##......     17%         3    ###....
d - Sticky Flame          Conj/Fire      ###.....     28%         4    ####...


Dungeon Overview and Level Annotations

Branches:
Dungeon (3/15)

Altars:


Message History

The bat completely misses you. Something hits you.
* * * LOW HITPOINT WARNING * * *
The jackal closely misses you. The orc closely misses you.
Casting: Flame Tongue
Confirm with . or Enter, or press ? or * to list all spells.
Aiming: Flame Tongue
Press: ? - help, Shift-Dir - straight line, f - jackal
Aim: a jackal The flame tongue hits the jackal.
The jackal is moderately wounded.
The bat hits you but does no damage.
You hear some strange, mumbled words.
You are confused.
The jackal barely misses you. The orc closely misses you.
You miss something. The jackal misses you.
You hear some strange, mumbled words.
You are more confused.
The orc wizard points at you and mumbles some strange words.
The magic dart hits you!
You die...

##o......###
##.###.....#
#.###..# #.......
#......###.....###
#............###
#.######bh#.....
.. #.....### #
#.##h..##..
#.)@ob.....
####o..##.. #.##
.# #


You could see an orc wizard, an orc, a jackal and a bat (inner flame).

Vanquished Creatures
  Robin (D:2)
  2 gnolls (D:2)
  2 adders (D:2)
  An ooze (D:1)
  A worm (D:2)
  A dart slug (D:1)
  2 leopard geckos (D:1)
  8 bats
  17 goblins
  10 hobgoblins
  9 jackals
  A frilled lizard (D:1)
  4 kobolds
  5 rats
64 creatures vanquished.

Notes
Turn   | Place    | Note
-------+----------+-------------------------------------------
     0 | D:1      | Raiden350 the Deep Elf Fire Elementalist began the quest for the Orb.
     0 | D:1      | Reached XP level 1. HP: 10/10 MP: 6/6
   157 | D:1      | Reached XP level 2. HP: 15/15 MP: 5/8
   518 | D:1      | Learned a level 2 spell: Throw Flame
   709 | D:1      | Reached XP level 3. HP: 19/19 MP: 7/10
  1380 | D:2      | Reached XP level 4. HP: 24/24 MP: 4/12
  1623 | D:2      | Noticed Robin
  1642 | D:2      | Killed Robin
  1819 | D:2      | Learned a level 3 spell: Inner Flame
  1824 | D:2      | Learned a level 4 spell: Sticky Flame
  2084 | D:3      | Killed from afar by an orc wizard

Skill      XL: |  1  2  3  4 |
---------------+-------------+-----
Conjurations   | 2 3 |  3.4
Spellcasting   | 4 |  4.2
Dodging        | 4 |  4.0
Stealth        | |  2.4
Hexes          | |  0.3
Fire Magic     | |  3.2

Action                   |  1- 3 |  4- 6 || total
-------------------------+-------+-------++-------
Melee: Dagger            |     5 |    17 ||    22
 Cast: Flame Tongue      |    42 |    30 ||    72
       Throw Flame       |    10 |    14 ||    24
       Inner Flame       |       |     3 ||     3
  Use: Scroll            |     3 |     1 ||     4
       Potion            |     1 |       ||     1
  Eat: Bread ration      |     1 |       ||     1
Armor: Robe              |     1 |    17 ||    18
Dodge: Dodged            |    11 |    35 ||    46
